Workbook

Sheet Report
A1: Harborline Small Business Summit 2026 — Sponsor & attendance report
A2: Thursday, November 12, 2026 · Ropewalk Hall, Portland, Maine. Every figure below is a formula over the Attendees and Sponsors sheets.
A4: Attendance by ticket type
A5: Ticket type | B5: Registered | C5: Checked in | D5: Check-in rate | E5: Share of registered | F5: Ticket revenue
A6: Early bird | B6: =COUNTIFS(Attendees!$D$2:$D$215,A6,Attendees!$F$2:$F$215,"<>Cancelled") -> 58 | C6: =COUNTIFS(Attendees!$D$2:$D$215,A6,Attendees!$G$2:$G$215,"Yes") -> 44 | D6: =IF(B6=0,0,C6/B6) -> 0.75862069 | E6: =IF($B$11=0,0,B6/$B$11) -> 0.28712871 | F6: =SUMIFS(Attendees!$E$2:$E$215,Attendees!$D$2:$D$215,A6,Attendees!$F$2:$F$215,"Confirmed") -> 7482
A7: General admission | B7: =COUNTIFS(Attendees!$D$2:$D$215,A7,Attendees!$F$2:$F$215,"<>Cancelled") -> 84 | C7: =COUNTIFS(Attendees!$D$2:$D$215,A7,Attendees!$G$2:$G$215,"Yes") -> 60 | D7: =IF(B7=0,0,C7/B7) -> 0.71428571 | E7: =IF($B$11=0,0,B7/$B$11) -> 0.41584158 | F7: =SUMIFS(Attendees!$E$2:$E$215,Attendees!$D$2:$D$215,A7,Attendees!$F$2:$F$215,"Confirmed") -> 15120
A8: VIP | B8: =COUNTIFS(Attendees!$D$2:$D$215,A8,Attendees!$F$2:$F$215,"<>Cancelled") -> 24 | C8: =COUNTIFS(Attendees!$D$2:$D$215,A8,Attendees!$G$2:$G$215,"Yes") -> 17 | D8: =IF(B8=0,0,C8/B8) -> 0.70833333 | E8: =IF($B$11=0,0,B8/$B$11) -> 0.11881188 | F8: =SUMIFS(Attendees!$E$2:$E$215,Attendees!$D$2:$D$215,A8,Attendees!$F$2:$F$215,"Confirmed") -> 7896
A9: Nonprofit & student | B9: =COUNTIFS(Attendees!$D$2:$D$215,A9,Attendees!$F$2:$F$215,"<>Cancelled") -> 18 | C9: =COUNTIFS(Attendees!$D$2:$D$215,A9,Attendees!$G$2:$G$215,"Yes") -> 13 | D9: =IF(B9=0,0,C9/B9) -> 0.72222222 | E9: =IF($B$11=0,0,B9/$B$11) -> 0.089108911 | F9: =SUMIFS(Attendees!$E$2:$E$215,Attendees!$D$2:$D$215,A9,Attendees!$F$2:$F$215,"Confirmed") -> 1242
A10: Complimentary | B10: =COUNTIFS(Attendees!$D$2:$D$215,A10,Attendees!$F$2:$F$215,"<>Cancelled") -> 18 | C10: =COUNTIFS(Attendees!$D$2:$D$215,A10,Attendees!$G$2:$G$215,"Yes") -> 16 | D10: =IF(B10=0,0,C10/B10) -> 0.88888889 | E10: =IF($B$11=0,0,B10/$B$11) -> 0.089108911 | F10: =SUMIFS(Attendees!$E$2:$E$215,Attendees!$D$2:$D$215,A10,Attendees!$F$2:$F$215,"Confirmed") -> 0
A11: Total | B11: =SUM(B6:B10) -> 202 | C11: =SUM(C6:C10) -> 150 | D11: =IF(B11=0,0,C11/B11) -> 0.74257426 | E11: =SUM(E6:E10) -> 1 | F11: =SUM(F6:F10) -> 31740
A13: Registration status
A14: Status | B14: Registrations | C14: Share of all
A15: Confirmed | B15: =COUNTIF(Attendees!$F$2:$F$215,A15) -> 198 | C15: =IF($B$18=0,0,B15/$B$18) -> 0.92523364
A16: Pending | B16: =COUNTIF(Attendees!$F$2:$F$215,A16) -> 4 | C16: =IF($B$18=0,0,B16/$B$18) -> 0.018691589
A17: Cancelled | B17: =COUNTIF(Attendees!$F$2:$F$215,A17) -> 12 | C17: =IF($B$18=0,0,B17/$B$18) -> 0.056074766
A18: All registrations | B18: =SUM(B15:B17) -> 214 | C18: =SUM(C15:C17) -> 1
A20: Sponsor revenue by tier
A21: Tier | B21: Sponsors | C21: Committed | D21: Paid | E21: Outstanding | F21: Share of sponsor revenue
A22: Platinum | B22: =COUNTIF(Sponsors!$B$2:$B$11,A22) -> 2 | C22: =SUMIF(Sponsors!$B$2:$B$11,A22,Sponsors!$C$2:$C$11) -> 27500 | D22: =SUMIFS(Sponsors!$C$2:$C$11,Sponsors!$B$2:$B$11,A22,Sponsors!$D$2:$D$11,"Paid") -> 27500 | E22: =C22-D22 -> 0 | F22: =IF($C$25=0,0,C22/$C$25) -> 0.43307087
A23: Gold | B23: =COUNTIF(Sponsors!$B$2:$B$11,A23) -> 4 | C23: =SUMIF(Sponsors!$B$2:$B$11,A23,Sponsors!$C$2:$C$11) -> 29000 | D23: =SUMIFS(Sponsors!$C$2:$C$11,Sponsors!$B$2:$B$11,A23,Sponsors!$D$2:$D$11,"Paid") -> 21500 | E23: =C23-D23 -> 7500 | F23: =IF($C$25=0,0,C23/$C$25) -> 0.45669291
A24: Community | B24: =COUNTIF(Sponsors!$B$2:$B$11,A24) -> 4 | C24: =SUMIF(Sponsors!$B$2:$B$11,A24,Sponsors!$C$2:$C$11) -> 7000 | D24: =SUMIFS(Sponsors!$C$2:$C$11,Sponsors!$B$2:$B$11,A24,Sponsors!$D$2:$D$11,"Paid") -> 5500 | E24: =C24-D24 -> 1500 | F24: =IF($C$25=0,0,C24/$C$25) -> 0.11023622
A25: Total | B25: =SUM(B22:B24) -> 10 | C25: =SUM(C22:C24) -> 63500 | D25: =SUM(D22:D24) -> 54500 | E25: =SUM(E22:E24) -> 9000 | F25: =SUM(F22:F24) -> 1
A27: Totals
A28: Registered attendees (excl. cancelled) | B28: =B11 -> 202
A29: Checked in | B29: =C11 -> 150
A30: Overall check-in rate | B30: =D11 -> 0.74257426
A31: Ticket revenue (confirmed) | B31: =F11 -> 31740
A32: Sponsor revenue (committed) | B32: =C25 -> 63500
A33: Total event revenue | B33: =B31+B32 -> 95240
A34: Sponsor share of revenue | B34: =IF(B33=0,0,B32/B33) -> 0.66673667

Sheet Attendees
A1: Ticket code | B1: Name | C1: Company | D1: Ticket type | E1: Price | F1: Status | G1: Checked in | H1: Check-in time | I1: Check-in method | J1: Registered
A2: HL26-E3S39E | B2: Jenna York | C2: Gull Rock Yoga | D2: Early bird | E2: 129 | F2: Confirmed | G2: Yes | H2: 2026-11-12 07:45:18 | I2: QR scan | J2: 2026-06-15 20:37:55
A3: HL26-ZCZAGT | B3: Imogen Bishop | C3: Pine Point Bookkeeping | D3: Early bird | E3: 129 | F3: Confirmed | G3: Yes | H3: 2026-11-12 08:07:57 | I3: QR scan | J3: 2026-06-16 04:52:40
A4: HL26-37VYQ3 | B4: Anna Dang | C4: Marsh Florals | D4: Early bird | E4: 129 | F4: Cancelled | G4: No | J4: 2026-06-16 14:51:24
A5: HL26-FFYUJF | B5: Carlos Kowalski | C5: Eastern Prom Goods | D5: Early bird | E5: 129 | F5: Confirmed | G5: Yes | H5: 2026-11-12 07:51:24 | I5: Name search | J5: 2026-06-17 01:01:16
A6: HL26-B4VM4C | B6: Laura Turcotte | C6: Wharf Street Chiropractic | D6: Early bird | E6: 129 | F6: Confirmed | G6: No | J6: 2026-06-18 23:01:21
A7: HL26-CHY3DD | B7: Felix Kaplan | C7: Kettle Mercantile | D7: Early bird | E7: 129 | F7: Confirmed | G7: Yes | H7: 2026-11-12 10:17:05 | I7: QR scan | J7: 2026-06-19 05:58:45
A8: HL26-XY6NTV | B8: Rachel Joy | C8: Lighthouse Yoga | D8: Early bird | E8: 129 | F8: Confirmed | G8: Yes | H8: 2026-11-12 09:50:08 | I8: QR scan | J8: 2026-06-20 16:25:55
A9: HL26-QHHARE | B9: Quinn York | C9: North Deering Bike Works | D9: Early bird | E9: 129 | F9: Confirmed | G9: Yes | H9: 2026-11-12 08:04:42 | I9: QR scan | J9: 2026-06-20 20:09:45
A10: HL26-FHV8WG | B10: Daniel Bishop | C10: Eastern Prom Tea House | D10: Early bird | E10: 129 | F10: Confirmed | G10: Yes | H10: 2026-11-12 08:24:30 | I10: QR scan | J10: 2026-06-21 12:47:23
A11: HL26-8JH9ZU | B11: Sofia Nadeau | C11: Fore River Tea House | D11: Early bird | E11: 129 | F11: Confirmed | G11: Yes | H11: 2026-11-12 10:11:46 | I11: QR scan | J11: 2026-06-23 00:44:52
A12: HL26-TDMH4B | B12: Amara Haskell | C12: Old Port Law Office | D12: Early bird | E12: 129 | F12: Confirmed | G12: Yes | H12: 2026-11-12 08:19:02 | I12: QR scan | J12: 2026-06-24 09:35:42
A13: HL26-WUFUWT | B13: Hannah Abbott | C13: Driftwood Bookkeeping | D13: Early bird | E13: 129 | F13: Confirmed | G13: Yes | H13: 2026-11-12 08:13:31 | I13: Name search | J13: 2026-06-26 06:11:58
A14: HL26-CZQ4CW | B14: Tyler Grant | C14: Quarry Outfitters | D14: Early bird | E14: 129 | F14: Confirmed | G14: No | J14: 2026-06-27 07:48:11
A15: HL26-H9DCV4 | B15: Simone Robbins | C15: Gull Rock Veterinary | D15: Early bird | E15: 129 | F15: Confirmed | G15: Yes | H15: 2026-11-12 10:17:20 | I15: QR scan | J15: 2026-06-27 18:03:23
A16: HL26-E6M4SV | B16: Jordan Allard | C16: Tidal Tailoring | D16: Early bird | E16: 129 | F16: Cancelled | G16: No | J16: 2026-06-27 23:10:47
A17: HL26-H4EX27 | B17: Maria Jensen | C17: Spruce Fitness | D17: Early bird | E17: 129 | F17: Confirmed | G17: Yes | H17: 2026-11-12 10:18:53 | I17: QR scan | J17: 2026-06-29 21:42:01
A18: HL26-CTECHN | B18: Victor Nadeau | C18: Wharf Street Cleaning Co. | D18: VIP | E18: 329 | F18: Confirmed | G18: Yes | H18: 2026-11-12 08:49:56 | I18: QR scan | J18: 2026-07-03 19:50:52
A19: HL26-93T4GH | B19: Megan Turcotte | C19: Blue Heron Design Studio | D19: VIP | E19: 329 | F19: Confirmed | G19: Yes | H19: 2026-11-12 07:53:19 | I19: QR scan | J19: 2026-07-06 07:57:40
A20: HL26-VVA6B7 | B20: Sofia Mendes | C20: Kettle Electric | D20: Early bird | E20: 129 | F20: Confirmed | G20: Yes | H20: 2026-11-12 07:45:12 | I20: QR scan | J20: 2026-07-06 14:54:09
A21: HL26-R4GHTU | B21: Caleb Osei | C21: Pine Point Coffee | D21: Early bird | E21: 129 | F21: Confirmed | G21: Yes | H21: 2026-11-12 09:54:45 | I21: QR scan | J21: 2026-07-07 00:21:07
A22: HL26-4QR5U4 | B22: Dalia Gilman | C22: Wharf Street Mercantile | D22: VIP | E22: 329 | F22: Confirmed | G22: No | J22: 2026-07-07 13:21:21
A23: HL26-NXXSN9 | B23: Leo Bradley | C23: Cove Tea House | D23: Early bird | E23: 129 | F23: Confirmed | G23: Yes | H23: 2026-11-12 08:57:25 | I23: QR scan | J23: 2026-07-08 05:11:25
A24: HL26-WPYVU8 | B24: Tess Osei | C24: Juniper Candle Co. | D24: Early bird | E24: 129 | F24: Confirmed | G24: Yes | H24: 2026-11-12 09:30:21 | I24: QR scan | J24: 2026-07-08 18:59:58
A25: HL26-X5WPFR | B25: Quinn Leclerc | C25: Pine Point Plumbing | D25: VIP | E25: 329 | F25: Confirmed | G25: No | J25: 2026-07-08 21:46:48
A26: HL26-JQN9CE | B26: Jasmine York | C26: Spruce Ceramics | D26: Early bird | E26: 129 | F26: Confirmed | G26: No | J26: 2026-07-09 12:32:37
A27: HL26-72TCHZ | B27: Tariq Larrabee | C27: Marsh Tailoring | D27: Early bird | E27: 129 | F27: Confirmed | G27: No | J27: 2026-07-09 23:45:11
A28: HL26-YGYKWR | B28: Sara Farrow | C28: Tidal Tea House | D28: VIP | E28: 329 | F28: Confirmed | G28: Yes | H28: 2026-11-12 08:01:49 | I28: QR scan | J28: 2026-07-10 17:05:00
A29: HL26-JJNAKM | B29: Wes Pelletier | C29: Quarry Salon | D29: Early bird | E29: 129 | F29: Confirmed | G29: No | J29: 2026-07-10 20:58:51
A30: HL26-ZGPJT8 | B30: Noah Webber | C30: Cove Creative | D30: Early bird | E30: 129 | F30: Confirmed | G30: No | J30: 2026-07-10 23:49:43
A31: HL26-GNT9EN | B31: Rachel Hodgdon | C31: Cedar Realty | D31: Early bird | E31: 129 | F31: Confirmed | G31: Yes | H31: 2026-11-12 09:20:11 | I31: QR scan | J31: 2026-07-13 17:39:37
A32: HL26-8UEMDP | B32: Colin Dubois | C32: Wharf Street Dental | D32: Nonprofit & student | E32: 69 | F32: Confirmed | G32: No | J32: 2026-07-15 13:46:12
A33: HL26-8D2ZRC | B33: Kevin Varney | C33: North Deering Landscaping | D33: Nonprofit & student | E33: 69 | F33: Cancelled | G33: No | J33: 2026-07-16 16:36:26
A34: HL26-FWSEPJ | B34: Bianca Lopez | C34: Driftwood Builders | D34: Early bird | E34: 129 | F34: Cancelled | G34: No | J34: 2026-07-16 21:43:13
A35: HL26-N2XVNH | B35: Jenna Ellis | C35: North Deering Electric | D35: Nonprofit & student | E35: 69 | F35: Confirmed | G35: No | J35: 2026-07-17 07:26:40
A36: HL26-VV4JBE | B36: Dalia Patel | C36: Wharf Street Candle Co. | D36: Early bird | E36: 129 | F36: Confirmed | G36: No | J36: 2026-07-17 11:50:28
A37: HL26-P5MBYC | B37: Daniel Tran | C37: Eastern Prom Chiropractic | D37: Early bird | E37: 129 | F37: Confirmed | G37: Yes | H37: 2026-11-12 08:35:02 | I37: QR scan | J37: 2026-07-18 00:24:51
A38: HL26-33RCSN | B38: Yara MacLeod | C38: Marsh Landscaping | D38: Early bird | E38: 129 | F38: Confirmed | G38: Yes | H38: 2026-11-12 10:32:49 | I38: Name search | J38: 2026-07-18 07:10:06
A39: HL26-M9YYUB | B39: Colin Bishop | C39: Gull Rock Ceramics | D39: Early bird | E39: 129 | F39: Confirmed | G39: Yes | H39: 2026-11-12 08:48:28 | I39: Name search | J39: 2026-07-18 22:14:07
A40: HL26-SHH9AJ | B40: Theo Sawyer | C40: Lighthouse Creative | D40: Nonprofit & student | E40: 69 | F40: Confirmed | G40: Yes | H40: 2026-11-12 08:25:25 | I40: QR scan | J40: 2026-07-19 23:56:39
A41: HL26-BAURYN | B41: Jordan Tran | C41: Lighthouse Florals | D41: Early bird | E41: 129 | F41: Confirmed | G41: Yes | H41: 2026-11-12 08:53:12 | I41: Name search | J41: 2026-07-22 04:43:45
A42: HL26-2CS8UR | B42: Mei Jensen | C42: Beacon Marine Services | D42: Early bird | E42: 129 | F42: Confirmed | G42: Yes | H42: 2026-11-12 08:18:50 | I42: Name search | J42: 2026-07-22 15:21:15
A43: HL26-CM65K9 | B43: Carmen Hayes | C43: Blue Heron Goods | D43: Early bird | E43: 129 | F43: Confirmed | G43: Yes | H43: 2026-11-12 07:49:23 | I43: QR scan | J43: 2026-07-23 00:45:10
A44: HL26-MVW9HH | B44: Quinn Pelletier | C44: Eastern Prom Bike Works | D44: Early bird | E44: 129 | F44: Confirmed | G44: Yes | H44: 2026-11-12 08:03:38 | I44: QR scan | J44: 2026-07-23 01:06:54
A45: HL26-TCHW5P | B45: Quinn Doyle | C45: Harbor Builders | D45: Early bird | E45: 129 | F45: Cancelled | G45: No | J45: 2026-07-23 08:32:27
A46: HL26-68QA3Y | B46: Mei Ellis | C46: Harbor Consulting | D46: Early bird | E46: 129 | F46: Confirmed | G46: Yes | H46: 2026-11-12 09:23:38 | I46: QR scan | J46: 2026-07-23 12:28:41
A47: HL26-GNSJAE | B47: Derek Boucher | C47: Eastern Prom Law Office | D47: Early bird | E47: 129 | F47: Confirmed | G47: Yes | H47: 2026-11-12 09:58:51 | I47: Name search | J47: 2026-07-24 01:38:36
A48: HL26-A8JWFY | B48: Chloe Cormier | C48: Eastern Prom Ceramics | D48: Early bird | E48: 129 | F48: Confirmed | G48: Yes | H48: 2026-11-12 08:02:21 | I48: QR scan | J48: 2026-07-25 02:01:03
A49: HL26-8YRGRG | B49: Sofia Osei | C49: Low Tide Veterinary | D49: Nonprofit & student | E49: 69 | F49: Confirmed | G49: Yes | H49: 2026-11-12 08:02:04 | I49: QR scan | J49: 2026-07-25 04:41:38
A50: HL26-KASNCS | B50: Victor Dubois | C50: Cedar Consulting | D50: Early bird | E50: 129 | F50: Confirmed | G50: Yes | H50: 2026-11-12 10:05:43 | I50: QR scan | J50: 2026-07-25 17:49:57
A51: HL26-SSAR5H | B51: Olivia Dubois | C51: Gull Rock Tea House | D51: VIP | E51: 329 | F51: Confirmed | G51: Yes | H51: 2026-11-12 07:57:08 | I51: QR scan | J51: 2026-07-25 18:21:43
A52: HL26-K2P3MR | B52: Camila Patel | C52: Beacon Landscaping | D52: Early bird | E52: 129 | F52: Confirmed | G52: Yes | H52: 2026-11-12 07:48:39 | I52: QR scan | J52: 2026-07-25 19:31:34
A53: HL26-T4BNES | B53: Karen Sawyer | C53: Driftwood Plumbing | D53: Early bird | E53: 129 | F53: Confirmed | G53: No | J53: 2026-07-26 01:53:32
A54: HL26-VMSJP4 | B54: Rafael Hayes | C54: Cedar Cleaning Co. | D54: Early bird | E54: 129 | F54: Confirmed | G54: No | J54: 2026-07-26 03:23:31
A55: HL26-PFNEHP | B55: Jordan Martel | C55: Lighthouse Veterinary | D55: Nonprofit & student | E55: 69 | F55: Cancelled | G55: No | J55: 2026-07-27 09:51:29
A56: HL26-629QFK | B56: Camila Chen | C56: Quarry Pet Supply | D56: Nonprofit & student | E56: 69 | F56: Confirmed | G56: No | J56: 2026-07-27 20:30:30
A57: HL26-VZYJ72 | B57: Kevin Garcia | C57: Sea Smoke Outfitters | D57: Early bird | E57: 129 | F57: Confirmed | G57: Yes | H57: 2026-11-12 07:57:54 | I57: QR scan | J57: 2026-07-29 14:33:47
A58: HL26-H4PKZ3 | B58: Maeve Tran | C58: Beacon Dental | D58: Nonprofit & student | E58: 69 | F58: Confirmed | G58: Yes | H58: 2026-11-12 09:40:56 | I58: Name search | J58: 2026-07-29 22:54:50
A59: HL26-HCQGUP | B59: Hannah Tran | C59: Granite Goods | D59: Early bird | E59: 129 | F59: Confirmed | G59: Yes | H59: 2026-11-12 07:56:14 | I59: QR scan | J59: 2026-07-30 06:53:46
A60: HL26-QUEJHC | B60: Fatima Nguyen | C60: Sea Smoke Consulting | D60: Nonprofit & student | E60: 69 | F60: Confirmed | G60: Yes | H60: 2026-11-12 09:42:49 | I60: QR scan | J60: 2026-07-30 16:01:24
A61: HL26-YC59TV | B61: Rafael York | C61: Brackett Bike Works | D61: Early bird | E61: 129 | F61: Confirmed | G61: Yes | H61: 2026-11-12 09:45:34 | I61: QR scan | J61: 2026-07-30 20:45:31
A62: HL26-4U2BBJ | B62: Felix Whitten | C62: Quarry Florals | D62: Nonprofit & student | E62: 69 | F62: Confirmed | G62: Yes | H62: 2026-11-12 07:58:58 | I62: Name search | J62: 2026-08-01 03:17:27
A63: HL26-A2RSCN | B63: Sara Dang | C63: Juniper Yoga | D63: VIP | E63: 329 | F63: Confirmed | G63: Yes | H63: 2026-11-12 07:47:44 | I63: Name search | J63: 2026-08-01 15:21:02
A64: HL26-CKXAPE | B64: Dana Whitcomb | C64: Saltbox Provisions | D64: Complimentary | E64: 0 | F64: Confirmed | G64: Yes | H64: 2026-11-12 09:56:42 | I64: Name search | J64: 2026-08-02 07:03:49
A65: HL26-D4N4PP | B65: Sara Hayes | C65: Pine Point Electric | D65: Early bird | E65: 129 | F65: Confirmed | G65: Yes | H65: 2026-11-12 07:48:02 | I65: QR scan | J65: 2026-08-02 08:30:50
A66: HL26-5QNYKB | B66: Fatima Kaplan | C66: Lighthouse Law Office | D66: Early bird | E66: 129 | F66: Confirmed | G66: Yes | H66: 2026-11-12 09:18:24 | I66: QR scan | J66: 2026-08-02 19:18:13
A67: HL26-3APVFC | B67: Nadia Ellis | C67: Wildflower Bookkeeping | D67: VIP | E67: 329 | F67: Confirmed | G67: Yes | H67: 2026-11-12 08:23:39 | I67: QR scan | J67: 2026-08-03 00:19:12
A68: HL26-EAY267 | B68: Matt Dang | C68: Wharf Street Bike Works | D68: Early bird | E68: 129 | F68: Confirmed | G68: Yes | H68: 2026-11-12 09:12:06 | I68: QR scan | J68: 2026-08-03 10:31:46
... A72: HL26-2K6F7A | B72: Camila Kaplan | C72: Saltwater Kitchen | D72: Early bird | E72: 129 | F72: Confirmed | G72: Yes | H72: 2026-11-12 07:50:29 | I72: QR scan | J72: 2026-08-04 13:54:58
A73: HL26-DH2BX5 | B73: Riya Turcotte | C73: Lighthouse Landscaping | D73: Early bird | E73: 129 | F73: Confirmed | G73: No | J73: 2026-08-04 22:05:17
A74: HL26-JW22RX | B74: Maya Quimby | C74: Sea Smoke Tea House | D74: Early bird | E74: 129 | F74: Confirmed | G74: No | J74: 2026-08-04 23:54:49
A75: HL26-KX9S3Y | B75: Connor Quimby | C75: Saltwater Pet Supply | D75: Early bird | E75: 129 | F75: Confirmed | G75: Yes | H75: 2026-11-12 10:25:33 | I75: QR scan | J75: 2026-08-05 14:25:17
A76: HL26-P8GCHC | B76: Hana Sato | C76: Fieldnote Bookkeeping | D76: Complimentary | E76: 0 | F76: Confirmed | G76: Yes | H76: 2026-11-12 07:46:28 | I76: QR scan | J76: 2026-08-07 01:49:39
A77: HL26-UJRJ6T | B77: Jenna Varney | C77: Spruce Outfitters | D77: Early bird | E77: 129 | F77: Confirmed | G77: Yes | H77: 2026-11-12 08:03:53 | I77: QR scan | J77: 2026-08-07 05:46:20
A78: HL26-D9DTJF | B78: Nina Soucy | C78: Marsh Kitchen | D78: Early bird | E78: 129 | F78: Confirmed | G78: Yes | H78: 2026-11-12 09:38:49 | I78: QR scan | J78: 2026-08-08 09:57:21
A79: HL26-T8B9DD | B79: Lucia Caron | C79: Cedar Candle Co. | D79: VIP | E79: 329 | F79: Confirmed | G79: Yes | H79: 2026-11-12 10:16:36 | I79: QR scan | J79: 2026-08-09 00:15:51
A80: HL26-CS44CV | B80: Vanessa Rivera | C80: Old Port Marine Services | D80: Early bird | E80: 129 | F80: Confirmed | G80: No | J80: 2026-08-10 12:24:41
A81: HL26-T6BBFS | B81: Hannah Rivera | C81: Saltwater Fitness | D81: Early bird | E81: 129 | F81: Confirmed | G81: Yes | H81: 2026-11-12 08:08:32 | I81: QR scan | J81: 2026-08-11 10:13:19
A82: HL26-UDUM9N | B82: Nate Abbott | C82: Fore River Bookkeeping | D82: Nonprofit & student | E82: 69 | F82: Confirmed | G82: Yes | H82: 2026-11-12 09:10:44 | I82: QR scan | J82: 2026-08-11 17:51:17
A83: HL26-8VAD5T | B83: Elise Jensen | C83: Wharf Street Hardware | D83: Early bird | E83: 129 | F83: Confirmed | G83: Yes | H83: 2026-11-12 07:50:55 | I83: QR scan | J83: 2026-08-11 20:29:58
A84: HL26-F9DYBH | B84: Sofia Boucher | C84: Brackett Design Studio | D84: Early bird | E84: 129 | F84: Confirmed | G84: No | J84: 2026-08-11 23:40:09
A85: HL26-KM38CS | B85: Derek Nguyen | C85: Low Tide Candle Co. | D85: Early bird | E85: 129 | F85: Confirmed | G85: Yes | H85: 2026-11-12 09:09:29 | I85: QR scan | J85: 2026-08-12 00:26:27
A86: HL26-RT37AK | B86: Nina Dang | C86: Juniper Law Office | D86: Early bird | E86: 129 | F86: Confirmed | G86: No | J86: 2026-08-13 05:28:22
A87: HL26-W275XT | B87: Alicia Brandt | C87: Brandt Physical Therapy | D87: Complimentary | E87: 0 | F87: Confirmed | G87: Yes | H87: 2026-11-12 09:21:09 | I87: QR scan | J87: 2026-08-13 18:36:30
A88: HL26-WGH44Q | B88: Karen Fournier | C88: Marsh Realty | D88: Nonprofit & student | E88: 69 | F88: Confirmed | G88: Yes | H88: 2026-11-12 07:45:33 | I88: QR scan | J88: 2026-08-13 23:32:11
A89: HL26-MWACYV | B89: Ben Hartley | C89: Lantern Coffee Roasters | D89: Complimentary | E89: 0 | F89: Confirmed | G89: Yes | H89: 2026-11-12 08:07:10 | I89: QR scan | J89: 2026-08-15 18:02:02
A90: HL26-JXRXRZ | B90: Tariq Sawyer | C90: Saltwater Salon | D90: General admission | E90: 189 | F90: Confirmed | G90: Yes | H90: 2026-11-12 07:54:35 | I90: QR scan | J90: 2026-08-16 04:02:04
A91: HL26-JCHW35 | B91: Carmen Daigle | C91: Juniper Dental | D91: General admission | E91: 189 | F91: Confirmed | G91: No | J91: 2026-08-16 13:03:31
A92: HL26-9YFFY2 | B92: Deb Leclerc | C92: Wharf Street Electric | D92: General admission | E92: 189 | F92: Confirmed | G92: Yes | H92: 2026-11-12 07:57:47 | I92: QR scan | J92: 2026-08-17 08:14:46
A93: HL26-ZC8HGG | B93: Sofia Cormier | C93: Wharf Street Salon | D93: General admission | E93: 189 | F93: Confirmed | G93: Yes | H93: 2026-11-12 08:27:46 | I93: QR scan | J93: 2026-08-17 09:43:45
A94: HL26-N7EW6M | B94: Brendan Ellis | C94: Gull Rock Bakery | D94: General admission | E94: 189 | F94: Confirmed | G94: Yes | H94: 2026-11-12 08:28:35 | I94: QR scan | J94: 2026-08-17 10:23:48
A95: HL26-DM89Y4 | B95: Sam Joy | C95: Eastern Prom Plumbing | D95: VIP | E95: 329 | F95: Confirmed | G95: Yes | H95: 2026-11-12 10:10:16 | I95: QR scan | J95: 2026-08-17 13:08:40
A96: HL26-JZG3WT | B96: Marcus Ellery | C96: Ellery & Pike Fractional Finance | D96: Complimentary | E96: 0 | F96: Confirmed | G96: No | J96: 2026-08-17 19:01:49
A97: HL26-HNWXGN | B97: Wes Chen | C97: Juniper Marine Services | D97: Nonprofit & student | E97: 69 | F97: Confirmed | G97: Yes | H97: 2026-11-12 07:45:37 | I97: QR scan | J97: 2026-08-17 21:25:03
A98: HL26-CZP6QZ | B98: Maeve Bradley | C98: Maple Outfitters | D98: General admission | E98: 189 | F98: Confirmed | G98: Yes | H98: 2026-11-12 08:14:37 | I98: Name search | J98: 2026-08-18 08:13:10
A99: HL26-DYNXEX | B99: Tom Okafor | C99: Okafor Building & Restoration | D99: Complimentary | E99: 0 | F99: Confirmed | G99: Yes | H99: 2026-11-12 08:49:44 | I99: Name search | J99: 2026-08-18 22:46:44
A100: HL26-M4NA7K | B100: Karen Curtis | C100: Saltwater Bakery | D100: Nonprofit & student | E100: 69 | F100: Confirmed | G100: Yes | H100: 2026-11-12 09:22:34 | I100: QR scan | J100: 2026-08-19 06:27:46
A101: HL26-SNTSFE | B101: Grace Liu | C101: Northpoint Employment Law | D101: Complimentary | E101: 0 | F101: Confirmed | G101: Yes | H101: 2026-11-12 09:34:33 | I101: QR scan | J101: 2026-08-19 13:29:34
A102: HL26-Y3U3UN | B102: Theo Turcotte | C102: Harbor Chiropractic | D102: VIP | E102: 329 | F102: Confirmed | G102: Yes | H102: 2026-11-12 09:06:35 | I102: QR scan | J102: 2026-08-20 15:29:21
A103: HL26-X744BN | B103: Nate Ouellette | C103: Cedar Plumbing | D103: General admission | E103: 189 | F103: Confirmed | G103: Yes | H103: 2026-11-12 08:25:42 | I103: QR scan | J103: 2026-08-21 03:18:33
...

Sheet Sponsors
A1: Sponsor | B1: Tier | C1: Amount | D1: Payment status | E1: Contact
A2: Tidewater Community Bank | B2: Platinum | C2: 15000 | D2: Paid | E2: Margaret Cole
A3: Northwind Payments | B3: Platinum | C3: 12500 | D3: Paid | E3: Aaron Lindqvist
A4: Ledgerlight | B4: Gold | C4: 8000 | D4: Paid | E4: Sofia Brennan
A5: Bayline Fiber | B5: Gold | C5: 7500 | D5: Invoiced | E5: Imani Shaw
A6: Pinecrest Insurance Group | B6: Gold | C6: 7500 | D6: Paid | E6: Daniel Furlong
A7: Foundry Street Workspace | B7: Gold | C7: 6000 | D7: Paid | E7: Luke Arsenault
A8: Lantern Coffee Roasters | B8: Community | C8: 2500 | D8: Paid | E8: Ben Hartley
A9: Gullwing Print Co. | B9: Community | C9: 2000 | D9: Paid | E9: Priya Raman
A10: Casco Makers Guild | B10: Community | C10: 1500 | D10: Invoiced | E10: Ivy Thibodeau
A11: Wharfside Credit Union | B11: Community | C11: 1000 | D11: Paid | E11: Noel Gagnon
